 Dungeon Crawl Stone Soup version 0.22-a0-305-gd21a89c538 (webtiles) character file.

47 Oravi the Bolt Thrower (level 3, 0/31 HPs)
             Began as a Kobold Hunter on Mar 31, 2018.
             Slain by a worm (7 damage)
             ... on level 2 of the Dungeon.
             The game lasted 00:04:39 (1681 turns).

Oravi the Bolt Thrower (Kobold Hunter)              Turns: 1681, Time: 00:04:39

Health: 0/31       AC: 21    Str: 10    XL:     3   Next: 97%
Magic:  1/3        EV:  3    Int: 17    God:
Gold:   55         SH:  0    Dex: 20    Spells: 2/2 levels left

rFire    . . .     SeeInvis .   b - +0 short sword
rCold    . . .     Gourm    .   (shield restricted)
rNeg     + + +     Faith    .   (armour currently unavailable)
rPois    +         Spirit   .   (helmet currently unavailable)
rElec    .         Reflect  .   (cloak currently unavailable)
rCorr    .         Harm     .   (gloves currently unavailable)
MR       .....     Clarity  +   (boots currently unavailable) Stlth +++.......NoTele +
                                (no amulet)
HPRegen  0.10/turn              (no ring)
MPRegen  0.08/turn              (no ring)

@: brilliant, agile, tree-form
A: small, carnivore, clarity, MP-powered wands
a: no special abilities


You were on level 2 of the Dungeon.
You were completely stuffed.
You were a tree.
You visited 1 branch of the dungeon, and saw 2 of its levels.

You collected 55 gold pieces.

Inventory:

Hand Weapons
 a - a +1 hand crossbow
 b - a +0 short sword (weapon)
Missiles
 d - 36 bolts
Armour
 c - a +0 leather armour (melded)
 p - a scarf of spirit shield (melded)
Jewellery
 g - an uncursed ring of resist corrosion {unknown}
Scrolls
 e - a scroll of noise {unknown}
 i - 2 scrolls of magic mapping {unknown}
 k - a scroll of remove curse {unknown}
 m - a scroll of amnesia {unknown}
 o - a scroll of teleportation {unknown}
 s - a scroll of identify {unknown}
 t - a scroll of enchant weapon {unknown}
Potions
 h - a potion of mutation
 q - a potion of curing
Comestibles
 f - 6 rations
 r - 6 chunks of flesh


   Skills:
 - Level 2.1 Fighting
 + Level 3.6 Short Blades
 - Level 5.0 Crossbows
 - Level 3.0 Dodging
 - Level 1.3 Stealth


You had 2 spell levels left.
You didn't know any spells.

Dungeon Overview and Level Annotations

Branches:
Dungeon (2/15)

Altars:


Innate Abilities, Weirdness & Mutations

You are small and have problems with some larger weapons.
You are carnivorous and can eat meat at any time.
((You are partially covered in yellow scales. (AC +2)))
You possess an exceptional clarity of mind.
You expend magic power (3 MP) to strengthen your wands.


Message History

It was a potion of brilliance.
You feel clever all of a sudden.
It was a potion of lignification.
You turn into a tree.
Your scarf of spirit shield melds into your body.
Your +0 leather armour melds into your body.
You feel strangely alone.
Your roots penetrate the ground.
The worm bites you but does no damage.
It was a potion of agility.
You feel agile all of a sudden.
It was a potion of curing.
You feel better. The worm bites you.
* * * LOW HITPOINT WARNING * * *
You hit the worm.
The worm is severely wounded.
The worm bites you but does no damage.
You hit the worm but do no damage.
The worm is severely wounded.
You barely miss the worm.
The worm is severely wounded.
The worm bites you!
You die...

#.....................#
#...................[.#
#.....................#
#.....................#
###...................#
#...#########.......#
##### ...##.##.###
#w##.# #♣..# #####


You could see a worm.

Vanquished Creatures
  2 dart slugs
  4 leopard geckos
  6 giant cockroaches (D:1)
  4 goblins (D:2)
  A hobgoblin (D:2)
  A quokka (D:2)
  5 bats
  5 frilled lizards (D:1)
  6 kobolds
  4 rats
38 creatures vanquished.

Notes
Turn   | Place    | Note
-------+----------+-------------------------------------------
     0 | D:1      | Oravi the Kobold Hunter began the quest for the Orb.
     0 | D:1      | Reached XP level 1. HP: 12/12 MP: 1/1
    56 | D:1      | Reached skill level 5 in Crossbows
   483 | D:1      | Reached skill level 1 in Short Blades
   483 | D:1      | Reached XP level 2. HP: 17/17 MP: 2/2
   705 | D:1      | Reached XP level 3. HP: 21/21 MP: 3/3
  1674 | D:2      | Gained mutation: You are partially covered in yellow scales. (AC +2) [potion of mutation]
  1674 | D:2      | Gained mutation: You possess an exceptional clarity of mind. [potion of mutation]
  1674 | D:2      | Gained mutation: You expend magic power (3 MP) to strengthen your wands. [potion of mutation]
  1681 | D:2      | Slain by a worm

Vault maps used:
D:1:      minmay_arrival_pointy
D:2:      marbit_many_paths, first_ration

Skill      XL: |  1  2  3 |
---------------+----------+-----
Crossbows      | 5 |  5.0
Short Blades   | 1 2 3 |  3.6
Dodging        | 3 |  3.0
Fighting       | |  2.1
Stealth        | |  1.3

Action                   || total
-------------------------++-------
Melee: Short sword       ||   158
  Use: Potion            ||     5
 Stab: Sleeping          ||     5
  Eat: Chunk             ||    11
Armor: Leather armour    ||    33
       Skin              ||     2
Dodge: Dodged            ||   112

Table legend:
 A = Spawn XP
 B = Non-spawn XP
 C = Spawn XP percentage of total XP
 D = Spawn monster count
 E = Non-spawn monster count
 F = Spawn count percentage of total count
 G = Total turns spent on level
                    A         B        C        D         E        F      G
               +---------+---------+-------+---------+---------+-------+---------
         Total |       0 |      68 |   0.0 |       0 |      38 |   0.0 |  1681
               +---------+---------+-------+---------+---------+-------+---------
           D:1 |       0 |      39 |   0.0 |       0 |      22 |   0.0 |  1183
           D:2 |       0 |      29 |   0.0 |       0 |      16 |   0.0 |   498
               +---------+---------+-------+---------+---------+-------+---------
